 Dungeon Crawl Stone Soup version 0.27-a0-13-g87abb2d9eb (webtiles) character file.

Game seed: 8564809488466798917

330 dolemite99 the Conjurer (level 6, -1/37 HPs)
             Began as a Deep Elf Conjurer on Jan 3, 2021.
             Was a Follower of Kikubaaqudgha.
             Killed from afar by an orc wizard (7 damage)
             ... with a magic dart
             ... on level 4 of the Dungeon.
             The game lasted 00:07:42 (5732 turns).

dolemite99 the Conjurer (Deep Elf Conjurer)         Turns: 5732, Time: 00:07:42

Health: -1/37      AC:  4    Str:  4    XL:     6   Next: 26%
Magic:  6/12       EV: 13    Int: 25    God:    Kikubaaqudgha [*.....]
Gold:   186        SH:  0    Dex: 13    Spells: 4/11 levels left

rFire    . . .     SeeInvis .   u - +0 dagger (venom)
rCold    . . .     Faith    +   (no shield)
rNeg     . . .     Spirit   .   a - +2 robe
rPois    .         Reflect  .   (no helmet)
rElec    .         Harm     .   (no cloak)
rCorr    .         Rampage  .   (no gloves)
Will     .....                  (no boots)
Stlth    ++........             B - amulet of faith
HPRegen  0.12/turn              (no ring)
MPRegen  0.13/turn              (no ring)

@: no status effects
A: no striking features
a: Renounce Religion, Receive Corpses


You were on level 4 of the Dungeon.
You worshipped Kikubaaqudgha.
Kikubaaqudgha was aware of your devotion.
You visited 1 branch of the dungeon, and saw 4 of its levels.

You collected 186 gold pieces.

Inventory:

Hand Weapons
 f - a +0 club
 j - a +3 hunting sling
 l - a +0 dagger
 m - a +0 hunting sling
 u - a +0 dagger of venom (weapon)
 A - a cursed -1 flail
Missiles
 b - 80 arrows
 n - 41 stones
 y - 14 sling bullets
Armour
 a - a +2 robe (worn)
 C - a +0 leather armour
 D - a +0 ring mail of cold resistance
Jewellery
 e - an uncursed ring of stealth {unknown}
 p - an uncursed ring of resist corrosion
 B - an amulet of faith (around neck)
Wands
 i - a wand of iceblast (9)
Scrolls
 c - 2 scrolls of blinking {unknown}
 h - a scroll of fear {unknown}
 k - 3 scrolls of remove curse {unknown}
 o - a scroll of amnesia {unknown}
 q - a scroll of immolation {unknown}
 t - a scroll of enchant armour
 v - a scroll of noise {unknown}
 w - a scroll of fog {unknown}
 E - a scroll of identify {unknown}
Potions
 d - 2 potions of lignification {unknown}
 g - a potion of heal wounds {unknown}
 r - a potion of curing {unknown}
 s - 2 potions of berserk rage {unknown}
 x - a potion of flight {unknown}
 z - a potion of invisibility {unknown}


   Skills:
 + Level 3.5 Fighting
 - Level 2.4 Dodging
 - Level 2.4 Stealth
 - Level 3.0 Spellcasting
 + Level 6.6 Conjurations


You had 4 spell levels left.
You knew the following spells:

 Your Spells              Type           Power        Failure   Level
a - Magic Dart            Conj           100%         1%          1
b - Searing Ray           Conj           74%          1%          2
c - Dazzling Flash        Conj/Hex       40%          8%          3
s - Animate Skeleton      Necr           6%           10%         1

Your spell library contained the following spells:

 Spells                   Type           Power        Failure   Level
 Pain                     Necr           12%          10%         1
 Sublimation of Blood     Necr           1%           16%         2
 Fulminant Prism          Conj/Hex       10%          26%         4
 Iskenderun's Mystic Bla  Conj/Tloc      20%          26%         4
 Vampiric Draining        Necr           1%           30%         3


Dungeon Overview and Level Annotations

Branches:
Dungeon (4/15)
 Temple: D:4-7

Altars:
Kikubaaqudgha
Makhleb


Message History

Casting: Magic Dart (safe; 1% risk of failure)
Confirm with . or Enter, or press ? or * to list all spells.
You can't see any susceptible monsters within range! (Use Z to cast anyway.)
There is a strange disturbance nearby!
A puff of flame appears from out of thin air!
The puff of flame hits you!
There is a stone staircase leading up here.
An orc priest comes into view. It is wielding a +2 dagger of speed.
A puff of flame appears from out of thin air!
The puff of flame hits you!
A nearby plant withers and dies.
An orc comes into view. It is wielding a +0 club.
An orc comes into view. It is wielding a +0 mace.
The orc priest mumbles some strange prayers to Beogh against you.
Beogh smites you!
* * * LOW HITPOINT WARNING * * *
A magic dart appears from out of thin air!
The magic dart hits you!
You die...
Kikubaaqudgha rasps: "You have failed me!
Welcome... death!"

########
#......##
#<†.......
####.........
#.....{......
#.....####...
#.....####...
#....@..o...≈
#..........♣≈
##+##...Z≈♣o≈
#...♣≈P≈♣
+..P♣≈≈≈≈
#..♣♣ ≈≈≈
##.♣ ≈ ..


You could see an orc priest, an orc (wandering) and a hound skeleton.

Vanquished Creatures
  An ogre (D:4)
  A hound (D:4)
  2 orc priests (D:3)
  An orc wizard (D:3)
  6 adders
  An ooze (D:3)
  2 worms (D:3)
  2 leopard geckos
  9 orcs (D:3)
  A ball python (D:3)
  6 giant cockroaches
  5 goblins
  7 hobgoblins
  2 quokkas
  3 bats
  2 frilled lizards
  5 kobolds (D:2)
  7 rats
63 creatures vanquished.

Vanquished Creatures (others)
  4 plants (D:4)
4 creatures vanquished.

Grand Total: 67 creatures vanquished

Notes
Turn   | Place    | Note
-------+----------+-------------------------------------------
     0 | D:1      | dolemite99 the Deep Elf Conjurer began the quest for the
                  | Orb.
     0 | D:1      | Reached XP level 1. HP: 10/10 MP: 6/6
   713 | D:1      | Reached XP level 2. HP: 16/16 MP: 5/8
  1098 | D:2      | You fall into a shaft and drop 1 floor!
  1109 | D:3      | Reached skill level 1 in Fighting
  1298 | D:3      | Found an ancient bone altar of Kikubaaqudgha.
  1440 | D:3      | Became a worshipper of Kikubaaqudgha
  1480 | D:2      | Found a burning altar of Makhleb.
  2200 | D:3      | Learned a level 2 spell: Searing Ray
  2215 | D:3      | Reached XP level 3. HP: 20/20 MP: 7/9
  2440 | D:3      | Reached skill level 5 in Conjurations
  3395 | D:2      | Reached XP level 4. HP: 26/26 MP: 6/10
  4802 | D:3      | Learned a level 3 spell: Dazzling Flash
  4869 | D:3      | Reached * piety under Kikubaaqudgha
  4869 | D:3      | Identified Kikubaaqudgha's Reference Book on Sinister Magic
                  | (Kikubaaqudgha gifted it to you on level 3 of the Dungeon)
  4869 | D:3      | Received a gift from Kikubaaqudgha
  4870 | D:3      | Reached XP level 5. HP: 28/31 MP: 4/11
  5041 | D:3      | Learned a level 1 spell: Animate Skeleton
  5145 | D:3      | Reached skill level 6 in Conjurations
  5601 | D:4      | Noticed an ogre
  5606 | D:4      | Killed an ogre
  5607 | D:4      | Reached XP level 6. HP: 37/37 MP: 8/12
  5732 | D:4      | Killed from afar by an orc wizard

Illustrated notes

Levels and vault maps discovered:
D:1:      tarquinn_simple_flora_water_d, layout_basic, amethyst_killhole
D:2:      layout_rooms, nicolae_overflow_hidden_temple
D:3:      layout_basic, kiku_gazebo_pond_becter, minmay_box_of_dots
D:4:      kennysheep_spiral_hall, layout_basic, serial_bayou,
          serial_bayou_lake_a, serial_bayou_lagoon_a, mrwooster_statue_mirror

Skill      XL: |  1  2  3  4  5 |
---------------+----------------+-----
Fighting       | 1 2 3 |  3.5
Conjurations   | 5 6 |  6.6
Dodging        | |  2.4
Stealth        | |  2.4
Spellcasting   | |  3.0

Action                   |  1- 3 |  4- 6 || total
-------------------------+-------+-------++-------
Melee: Club              |     7 |       ||     7
       Dagger            |       |    19 ||    19
 Cast: Magic Dart        |    67 |    62 ||   129
       Searing Ray       |     1 |     6 ||     7
       Animate Skeleton  |       |     3 ||     3
Evoke: Wand              |       |     2 ||     2
  Use: Scroll            |       |     2 ||     2
Armor: Robe              |     1 |     5 ||     6
Dodge: Dodged            |    20 |    30 ||    50

Table legend: (Time is in decaauts)
 A = Elapsed time spent in this place.
 B = Non-inter-level travel time spent in this place.
 C = Inter-level travel time spent in this place.
 D = Time resting spent in this place.
 E = Time spent auto-exploring this place.
 F = Levels seen in this place.
 G = Mean time per level.
                   A        B        C        D        E       F      G
               +--------+--------+--------+--------+--------+-----+--------+
         Total |   5736 |   5590 |    146 |   3409 |   1455 |   4 | 1434.0 |
       Dungeon |   5736 |   5590 |    146 |   3409 |   1455 |   4 | 1434.0 |
               +--------+--------+--------+--------+--------+-----+--------+

Top non-repeatable levels by time:
     D:3: 2659 daAuts
     D:2: 1931 daAuts
     D:1: 1093 daAuts
     D:4: 51 daAuts
